 Dungeon Crawl Stone Soup version 0.29.1-4-g47bece8355 (webtiles) character file.

Game seed: 17007766762676911702

56 CaptainMV the Chiller (level 3, 0/27 HPs)
             Began as a Draconian Ice Elementalist on Dec 7, 2022.
             Slain by a worm (9 damage)
             ... on level 2 of the Dungeon.
             The game lasted 00:07:43 (872 turns).

CaptainMV the Chiller (Draconian Ice Elementalist)   Turns: 872, Time: 00:07:46

Health: 0/27       AC:  5    Str: 10    XL:     3   Next: 69%
Magic:  13/15      EV: 12    Int: 17    God:
Gold:   86         SH:  0    Dex: 11    Spells: 5/6 levels left

rFire   . . .      SeeInvis .   b - +0 dagger (vamp)
rCold   . . .      Faith    .   (no shield)
rNeg    . . .      Spirit   .   (body armour unavailable)
rPois   .          Reflect  .   (helmet restricted)
rElec   .          Harm     .   (no cloak)
rCorr   .          Rampage  .   (no gloves)
Will    .....                   (no boots)
Stlth   ++........              (no amulet)
HPRegen 0.09/turn               f - ring of magical power
MPRegen 0.14/turn               (no ring)

@: no status effects
A: AC +5, unfitting armour, cold-blooded
a: no special abilities


You were on level 2 of the Dungeon.
You visited 1 branch of the dungeon, and saw 2 of its levels.

You collected 86 gold pieces.

Inventory:

Hand Weapons
 b - a +0 vampiric dagger (weapon)
Jewellery
 f - a ring of magical power (left hand)
Scrolls
 c - a scroll of fear {unknown}
 e - a scroll of identify {unknown}
 h - a scroll of acquirement {unknown}
Potions
 a - a potion of magic
 d - a potion of lignification {unknown}
 g - 3 potions of curing {unknown}


   Skills:
 + Level 0.4 Fighting
 + Level 0.9 Short Blades
 + Level 2.0 Dodging
 + Level 2.2 Stealth
 + Level 2.1 Spellcasting
 + Level 4.8 Ice Magic


You had 5 spell levels left.
You knew the following spells:

 Your Spells              Type           Power      Damage    Failure   Level
a - Freeze                Ice            72%        1d9       2%          1

Your spell library contained the following spells:

 Spells                   Type           Power      Damage    Failure   Level
 Frozen Ramparts          Ice            36%        1d6       8%          3
 Ozocubu's Armour         Ice            18%        N/A       8%          3
 Hailstorm                Conj/Ice       10%        3d5       56%         4


Dungeon Overview and Level Annotations

Branches:
Dungeon (2/15)

Altars:

Shops:
D:1 =


Innate Abilities, Weirdness & Mutations

Your plain brown scales are hard. (AC +5)
You cannot fit into any form of body armour.
You are cold-blooded and may be slowed by cold attacks.


Message History

The bat hits you but does no damage.
Your Dodging skill increases to level 2!
The bat closely misses you.
Things that are here:
a +0 dagger; a +0 robe; a hobgoblin corpse The bat hits you but does no damage.
You hit the bat but do no damage.
The bat is heavily wounded.
The bat closely misses you.
You hit the bat.
You feel better.
You kill the bat!
A worm comes into view.
A worm is nearby!
The worm bites you.
You hit the worm.
You feel better.
The worm is lightly wounded.
You barely miss the worm.
The worm is lightly wounded.
The worm bites you.
You hit the worm but do no damage.
The worm is lightly wounded.
You barely miss the worm.
The worm is lightly wounded.
The worm barely misses you.
Casting: Freeze (safe; 2% risk of failure)
Confirm with . or Enter, or press ? or * to list all spells.
Aiming: Freeze (safe; 2% risk of failure)
Press: ? - help, Shift-Dir - straight line, f - worm
Aim: a worm You freeze the worm.
The worm is moderately wounded.
Casting: Freeze (safe; 2% risk of failure)
Confirm with . or Enter, or press ? or * to list all spells.
Aiming: Freeze (safe; 2% risk of failure)
Press: ? - help, Shift-Dir - straight line, f/p - worm
Aim: a worm (moderately wounded)
You freeze the worm.
The worm is heavily wounded.
The worm bites you!
You die...

#.#.# #..............###
#.#.# ......#..#.........
#.#.#.#######.........###
#...#.#... .....##.####.
###.###.##.####.#..##.# #.
#..................##.####.
##....#.#.....#.#....†.....
#.).†#...w...#.#.###<####.
#....###.@##..... ...#...
#....#........... ....#...
#....#.#..##...###.##.###.
##.....#..# ..# #.##.###.
#######..# .# #......#.
#..# ########.#..) #..#
#......#.###. #...
#.....†...... #..#
#......#.####


You could see a worm.

Vanquished Creatures
  Jessica (D:2)
  A dart slug (D:1)
  3 endoplasms
  6 hobgoblins
  2 jackals (D:1)
  3 kobolds (D:1)
  2 ball pythons
  3 bats
  3 frilled lizards (D:1)
  A goblin (D:2)
  A rat (D:1)
26 creatures vanquished.

Notes
Turn   | Place    | Note
-------+----------+-------------------------------------------
     0 | D:1      | CaptainMV the Draconian Ice Elementalist began the quest
                  | for the Orb.
     0 | D:1      | Reached XP level 1. HP: 14/14 MP: 3/3
   274 | D:1      | Reached XP level 2. HP: 17/20 MP: 5/5
   298 | D:1      | Found Korcho's Jewellery Shop.
   835 | D:2      | Noticed Jessica
   845 | D:2      | Reached XP level 3. HP: 19/26 MP: 6/6
   848 | D:2      | Killed Jessica
   872 | D:2      | Slain by a worm

Illustrated notes

Levels and vault maps discovered:
D:1:      dpeg_arrival_radiant, layout_basic, serial_shops,
          nicolae_shop_statue_plus
D:2:      layout_basic, basic_altar, minmay_pentomino_z4, uniq_jessica

Skill      XL: |  1  2  3 |
---------------+----------+-----
Stealth        | 2 |  2.2
Dodging        | 2 |  2.0
Fighting       | |  0.4
Short Blades   | |  0.9
Spellcasting   | |  2.1
Ice Magic      | |  4.8

Action                   || total
-------------------------++-------
Melee: Dagger            ||    92
       Tailslap          ||    16
       Unarmed           ||     4
 Cast: Freeze            ||     5
 Stab: Sleeping          ||     2
Armor: Skin              ||    34
Dodge: Dodged            ||    47
